 Dungeon Crawl Stone Soup version bcrawl-1.41.1 (webtiles) character file.

Game seed: 13700225833174366613

439005 Grimmash the Carver (level 12, 0/100 HPs)
             Began as a Djinni Archaeologist on Apr 20, 2024.
             Was the Champion of Cheibriados.
             Slain by a slime creature (11 damage)
             ... on level 10 of the Dungeon.
             The game lasted 00:20:52 (12494 turns).

Grimmash the Carver (Djinni Archaeologist)         Turns: 12494, Time: 00:20:53

Health: 0/100      AC: 16    Str: 34    XL:     12   Next: 57%
Magic:  29/29      EV: 14    Int: 36    God:    Cheibriados [******]
Gold:   1276       SH: 21    Dex: 30    Spells: 27/27 levels left

rFire    + . .     GDR:     42% a - +0 long sword
rCold    + . .     SeeInvis +   F - +0 medium shield
rNeg     . . .     Gourm    .   P - +0 plate armour {rC+}
rPois    .         Faith    .   K - +1 hat {SInv}
rElec    .         Spirit   .   D - +0 cloak
rCorr    .         Reflect  .   h - +0 pair of fencer's gloves {Riposte Dex+6}
MR       +....     Clarity  +   (boots unavailable)
Stlth    ..........             G - amulet of regeneration
HPRegen  1.13/turn              S - +4 ring of strength
MPRegen  0.21/turn              A - ring "Epieris" {+Blink +Fly Slay+2 Stlth-}

@: about to teleport, flying, slowed, very slow
A: never pass out, berserk 2, blink, blurry vision 2, fire resistance 1, high mp
2, wild magic 3, disrupted magic 1, MP-powered wands, floating
a: Blink, Bend Time, Defer, Temporal Distortion, Step From Time, Renounce
Religion, Evoke Blink


You were on level 10 of the Dungeon.
You worshipped Cheibriados.
Cheibriados was exalted by your worship.
You were hungry.

You visited 2 branches of the dungeon, and saw 12 of its levels.
You also visited: Bailey.

You collected 1276 gold pieces.

Inventory:

Hand Weapons
 a - a +0 long sword (weapon)
 b - a +0 blowgun
 L - a +0 morningstar
Missiles
 f - 5 curare-tipped needles
 g - 4 throwing nets {=f}
 l - 203 poisoned needles
 B - 272 javelins (quivered)
 I - 13 poisoned tomahawks
Armour
 h - the +0 pair of fencer's gloves (worn) {Riposte Dex+6}
   (You acquired it on level 3 of the Dungeon)

   It affects your dexterity (+6).
 v - a +2 scale mail of cold resistance
 D - a +0 cloak (worn)
 F - a +0 medium shield (worn)
 K - a +1 hat of see invisible (worn)
 N - a +2 ring mail of poison resistance
 P - a +0 plate armour of cold resistance (worn)
Jewellery
 c - an uncursed ring of see invisible
 q - an uncursed ring of stealth
 z - an uncursed ring of positive energy
 A - the ring "Epieris" (right hand) {+Blink +Fly Slay+2 Stlth-}
   (You found it on level 4 of the Dungeon)

   [ring of flight]

   It affects your accuracy and damage with ranged weapons and melee attacks
   (+2).
   It lets you fly.
   It lets you blink.
   It makes you less stealthy.
 G - an amulet of regeneration (around neck)
 S - a +4 ring of strength (left hand)
 T - the amulet "Surribrosu" {Inacc rElec rF+}
   (You found it on level 10 of the Dungeon)

   [amulet of inaccuracy]

   It reduces the accuracy of all your attacks.
   It protects you from fire.
   It insulates you from electricity.
Wands
 d - a wand of clouds (5)
 O - a wand of digging (8)
 Q - a wand of flame (13)
Scrolls
 i - a scroll of identify
 j - 2 scrolls of noise {unknown}
 r - 5 scrolls of amnesia
 s - 5 scrolls of remove curse
 y - 3 scrolls of enchant weapon {unknown}
 E - 4 scrolls of enchant armour {unknown}
 J - 2 scrolls of torment {unknown}
Potions
 k - 4 potions of curing
 m - 2 potions of mutation {unknown}
 n - a potion of brilliance {unknown}
 p - a potion of ambrosia {unknown}
 t - a potion of lignification {unknown}
 u - 2 potions of cancellation {unknown}
 w - a potion of heal wounds {unknown}
 x - 3 potions of might {unknown}
 C - 3 potions of haste
 H - 3 potions of flight {unknown}
 M - a potion of berserk rage {unknown}
 R - a potion of degeneration {unknown}
Comestibles
 e - 25 rations {!d}


   Skills:
 * Level 7.1 Fighting
 * Level 10.4 Long Blades
 + Level 2.7 Maces & Flails
 + Level 1.5 Throwing
 * Level 6.5 Armour
 * Level 7.7 Dodging
 + Level 3.4 Stealth
 * Level 8.4 Shields
 * Level 8.3 Spellcasting
 * Level 6.7 Invocations
 * Level 7.0 Evocations


You had 27 spell levels left.
You didn't know any spells.
Your spell library contained the following spells:

 Spells                   Type           Power        Failure   Level  Hunger
 Slow                     Hex            ####....     95%         1    None
 Corpse Rot               Necr           N/A          98%         2    None
 Ensorcelled Hibernation  Hex/Ice        ####..       98%         2    None
 Confuse                  Hex            ####....     100%        3    None
 Dazzling Orbs            Conj/Hex       ####...      100%        3    None
 Spectral Weapon          Hex/Chrm       ####....     100%        3    None
 Tukima's Dance           Hex            ####....     100%        3    None
 Cause Fear               Hex            ####......   100%        4    ###....
 Freezing Cloud           Ice/Air        ####....     100%        5    #####..
 Iskenderun's Battlesphe  Conj/Chrm      ####....     100%        5    #####..
 Metabolic Englaciation   Hex/Ice        ####......   100%        5    #####..
 Bolt of Cold             Conj/Ice       ####......   100%        6    ######.
 Ozocubu's Refrigeration  Ice            ####......   100%        6    ######.
 Simulacrum               Ice/Necr       ####....     100%        6    ######.
 Time Stop                Chrm/Tloc      N/A          100%        8    #######


Dungeon Overview and Level Annotations

Branches:
Dungeon (11/12)            Temple (1/1) D:4            Lair (0/6) D:8
    Orc: D:8-11      Vaults: D:11-12

Altars:
Ashenzari
Cheibriados
Dithmenos
Elyvilon
Fedhas
Gozag
Hepliaklqana
Kikubaaqudgha
Lugonu
Makhleb
Nemelex Xobeh
Okawaru
Qazlal
Ru
Sif Muna
Trog
Uskayaw
Vehumet
Wu Jian
Xom
Yredelemnul
Zin
The Shining One

Shops:
D:5 %   D:8 %

Annotations:
D:7 1 runed translucent door, Galewind's ghost, novice AvCj
D:11 Jorgrun


Innate Abilities, Weirdness & Mutations

You never pass out after going berserk.
You often lose your temper in combat.
You can translocate small distances at will.
Scrolls take you longer to read.
Your flesh is heat resistant. (rF+)
You have a considerably increased reservoir of magic. (+20% MP)
Your spells are much harder to cast, but much more powerful.
Your casting is slightly disrupted.
You expend magic power (3 MP) to strengthen your wands.
Your body floats in the air.


Message History

You block the freezing wraith's attack. The freezing wraith hits you.
* * * LOW HITPOINT WARNING * * *
The freezing wraith drains your vigour!
You feel yourself slow down.
As you read the scroll of teleportation, it crumbles to dust.
You feel strangely unstable.
No path to travel!
You feel better.
A very large slime creature splits.
You block the freezing wraith's attack. x2
The large slime creature barely misses you.
You riposte.
You slash the large slime creature!
The large slime creature is lightly wounded.
No path to travel!
No path to travel!
You feel better. The freezing wraith hits you. The freezing wraith freezes you.
You resist.
* * * LOW HITPOINT WARNING * * *
You block the freezing wraith's attack. The large slime creature hits you!
* * * LOW HITPOINT WARNING * * *
The slime creature hits you!
You die...

..........#...........####.#.....
###########.......###.##..##.....
####....# ##).....###.##..#......
#..#.##.# #).........#...#.##.#.
#..#|##.# #.....######...#.##.#.
'..#....####)....#........#.##.#.
#..##.......)#+###........#.##.#.
#...#..#..##.#..JW...######.##.+.
#...#.....##.#..@J..†#......##...
#..##........##'##.>.'.##........
#..######'###....#...#.##......#.
...##.......#....+...#...........
...##.......#....#...##'###...)..
...##.......#....#...##...#......
######..##..#....#...##...+......
######..##..#....###+##...#......
........+...'.........#...######.


You could see a large slime creature, a slime creature and a freezing wraith.

Vanquished Creatures
  Fannar (D:10)
  A hydra (D:9)
  An ogre mage (D:10)
  11 two-headed ogres
  A wolf spider zombie (D:8)
  2 ugly things
  A komodo dragon (D:10)
  A troll (D:8)
  A tengu conjurer (D:7)
  A wolf spider simulacrum (D:10)
  2 dream sheep (D:9)
  A hornet (shapeshifter) (D:9)
  2 slime creatures (D:10)
  2 hippogriffs (D:8)
  A meliai zombie (D:10)
  A wyvern (D:9)
  A wraith (D:8)
  3 yaks
  7 vampire mosquitoes
  2 crocodiles
  3 porcupines (D:8)
  3 ice beasts
  2 black bears
  5 orc warriors
  6 phantoms
  8 ogres
  4 sky beasts
  10 bullfrogs
  4 kobold brigands
  9 gnoll sergeants
  4 centaurs
  A wyvern skeleton (D:9)
  5 scorpions
  3 killer bees (D:7)
  9 wights
  6 howler monkeys
  3 orc priests
  9 crimson imps
  4 bullfrog skeletons
  9 hounds
  A jelly (D:8)
  6 gnoll shamans (Bailey)
  An iguana (D:4)
  5 orc wizards
  7 worker ants
  3 hound zombies
  2 hound skeletons (D:7)
  A howler monkey skeleton (D:4)
  22 gnolls
  13 adders
  4 shadow imps
  3 oozes (D:1)
  2 adder skeletons
  2 worms
  2 dart slugs
  5 leopard geckos
  27 orcs
  2 giant cockroaches
  10 goblins
  12 hobgoblins
  2 jackals (D:3)
  2 quokkas
  A ball python (D:2)
  3 bats
  16 kobolds
  12 rats
  A fungus (D:2)
317 creatures vanquished.

Vanquished Creatures (others)
  20 fungi (D:8)
  12 plants (D:8)
32 creatures vanquished.

Grand Total: 349 creatures vanquished

Notes
Turn   | Place    | Note
-------+----------+-------------------------------------------
     0 | D:1      | Grimmash the Djinni Archaeologist began the quest for the
                  | Orb.
     0 | D:1      | Reached XP level 1. HP: 16/16 MP: 1/1
    33 | D:1      | Reached XP level 2. HP: 21/23 MP: 2/2
   441 | D:1      | Reached skill level 1 in Spellcasting
   521 | D:1      | Reached XP level 3. HP: 28/28 MP: 4/4
  1139 | D:2      | Gained mutation: Your spells are harder to cast, but more
                  | powerful. [Djinni growth]
  1139 | D:2      | Gained mutation: You can translocate small distances at
                  | will. [Djinni growth]
  1139 | D:2      | Reached XP level 4. HP: 17/36 MP: 5/5
  1386 | D:2      | Found an opulent altar of Gozag.
  1386 | D:2      | Found a glowing silver altar of Zin.
  1644 | D:2      | Found a blossoming altar of Fedhas.
  2252 | D:3      | Reached skill level 1 in Armour
  2403 | D:3      | Found a bloodstained altar of Trog.
  2490 | D:3      | Reached XP level 5. HP: 34/41 MP: 7/7
  2490 | D:3      | Identified a scroll of acquirement
  2498 | D:3      | Identified the ring of Ezad {+Fly rPois rC+ Int-4} (You
                  | acquired it on level 3 of the Dungeon)
  2498 | D:3      | Found the +0 pair of fencer's gloves {Riposte Dex+6}
  2790 | D:3      | Found a sacrificial altar of Ru.
  2892 | D:4      | Got a heavily runed jade ring
  2915 | D:4      | Identified the ring "Epieris" {+Blink +Fly Slay+2 Stlth-}
                  | (You found it on level 4 of the Dungeon)
  2970 | D:4      | Reached skill level 1 in Long Blades
  3031 | D:4      | Found a staircase to the Ecumenical Temple.
  3039 | Temple   | Entered the Ecumenical Temple
  3195 | Temple   | Became a worshipper of Cheibriados the Contemplative
  3297 | D:4      | Found a stormy altar of Qazlal.
  3539 | D:4      | Noticed a phantom
  3551 | D:4      | Reached skill level 2 in Long Blades
  3551 | D:4      | Reached XP level 6. HP: 27/48 MP: 9/9
  3981 | D:4      | Reached skill level 3 in Long Blades
  3981 | D:4      | Reached skill level 1 in Evocations
  4193 | D:5      | Entered Level 5 of the Dungeon
  4198 | D:5      | Found a radiant altar of Vehumet.
  4235 | D:5      | Reached skill level 1 in Invocations
  4235 | D:5      | Reached XP level 7. HP: 41/56 MP: 11/11
  4493 | D:5      | Reached skill level 4 in Long Blades
  4550 | D:5      | Found Cehudi's Food Emporium.
  4657 | D:5      | Reached * piety under Cheibriados
  4872 | D:5      | Found a shimmering blue altar of Sif Muna.
  4952 | D:5      | Reached skill level 1 in Shields
  5236 | D:5      | Gained mutation: Your spells are much harder to cast, but
                  | much more powerful. [Djinni growth]
  5236 | D:5      | Reached XP level 8. HP: 54/63 MP: 13/13
  5521 | D:6      | Reached skill level 5 in Long Blades
  5564 | D:6      | Reached skill level 5 in Dodging
  5689 | D:6      | HP: 3/63 [orc priest/divine providence (11)]
  5938 | D:6      | Reached ** piety under Cheibriados
  6428 | D:6      | Reached XP level 9. HP: 64/71 MP: 15/15
  6599 | D:7      | Reached skill level 6 in Long Blades
  6839 | D:7      | Identified Ximanuj's Guide on Protection and Dark Rituals
  6888 | D:7      | Reached *** piety under Cheibriados
  7097 | D:7      | Noticed Galewind's ghost (novice AvCj)
  7101 | D:7      | Found a runed translucent door.
  7278 | D:7      | Noticed a tengu conjurer
  7301 | D:7      | Reached skill level 5 in Spellcasting
  7336 | D:7      | Killed a tengu conjurer
  7377 | D:7      | Reached skill level 7 in Long Blades
  7668 | D:8      | Found Utsi's Food Boutique.
  7677 | D:8      | Noticed a two-headed ogre
  7728 | D:8      | Killed a two-headed ogre
  7729 | D:8      | Reached skill level 5 in Shields
  7729 | D:8      | Reached XP level 10. HP: 80/80 MP: 18/18
  7856 | D:8      | Reached **** piety under Cheibriados
  7857 | D:8      | Reached skill level 5 in Armour
  7871 | D:8      | Found a staircase to the Lair.
  7986 | D:8      | Reached skill level 5 in Fighting
  7986 | D:8      | Reached skill level 8 in Long Blades
  8179 | D:8      | Noticed a two-headed ogre
  8187 | D:8      | Killed a two-headed ogre
  8188 | D:8      | Reached skill level 5 in Evocations
  8312 | D:8      | Noticed a two-headed ogre
  8329 | D:8      | Killed a two-headed ogre
  8332 | D:8      | Reached XP level 11. HP: 36/88 MP: 20/20
  8421 | D:8      | Noticed a two-headed ogre
  8450 | D:8      | Killed a two-headed ogre
  8473 | D:8      | Reached skill level 5 in Invocations
  9390 | D:9      | Reached skill level 9 in Long Blades
  9406 | D:9      | Reached ***** piety under Cheibriados
  9435 | D:9      | Noticed a three-headed hydra
  9442 | D:9      | Killed a three-headed hydra
  9666 | D:9      | Noticed a two-headed ogre
  9698 | D:9      | Killed a two-headed ogre
  9763 | D:9      | Noticed a two-headed ogre
  9779 | D:9      | Killed a two-headed ogre
  9942 | D:9      | Noticed a cyan ugly thing
  9952 | D:9      | Killed a cyan ugly thing
 10293 | D:10     | Entered Level 10 of the Dungeon
 10323 | D:10     | Noticed a white ugly thing
 10345 | D:10     | Killed a white ugly thing
 10385 | D:10     | Found a flagged portal.
 10394 | Bailey   | Entered a bailey
 10924 | Bailey   | Reached skill level 1 in Throwing
 11168 | D:10     | Noticed a two-headed ogre
 11188 | D:10     | Killed a two-headed ogre
 11189 | D:10     | Gained mutation: Your casting is slightly disrupted.
                  | [Djinni growth]
 11189 | D:10     | Gained mutation: Your flesh is heat resistant. (rF+)
                  | [Djinni growth]
 11189 | D:10     | Gained mutation: You have an increased reservoir of magic.
                  | (+10% MP) [Djinni growth]
 11189 | D:10     | Gained mutation: You have a considerably increased
                  | reservoir of magic. (+20% MP) [Djinni growth]
 11189 | D:10     | Reached XP level 12. HP: 77/97 MP: 22/28
 11283 | D:10     | Got a scorched jade amulet
 11285 | D:10     | Identified the amulet "Surribrosu" {Inacc rElec rF+} (You
                  | found it on level 10 of the Dungeon)
 11325 | D:10     | Noticed Fannar
 11352 | D:10     | Killed Fannar
 11635 | D:10     | Reached ****** piety under Cheibriados
 11640 | D:10     | Noticed a two-headed ogre
 11641 | D:10     | Noticed an ogre mage
 11643 | D:10     | Noticed a two-headed ogre
 11645 | D:10     | Noticed a two-headed ogre
 11655 | D:10     | Killed a two-headed ogre
 11656 | D:10     | Reached skill level 10 in Long Blades
 11658 | D:10     | Killed a two-headed ogre
 11660 | D:10     | Killed an ogre mage
 11661 | D:10     | Killed a two-headed ogre
 11845 | D:10     | Noticed a two-headed ogre
 11858 | D:10     | Killed a two-headed ogre
 12349 | D:11     | Noticed Jorgrun
 12457 | D:11     | Noticed a two-headed ogre
 12494 | D:10     | Slain by a slime creature

Skill      XL: |  1  2  3  4  5  6  7  8  9 10 11 12 |
---------------+-------------------------------------+-----
Spellcasting   | 1 2 3 4 5 6 7 8 |  8.3
Maces & Flails | 2 |  2.7
Armour         | 1 2 4 5 6 |  6.5
Dodging        | 4 5 6 7 |  7.7
Fighting       | 2 3 4 5 6 7 |  7.1
Long Blades    | 2 3 4 5 7 8 9 10 | 10.4
Evocations     | 1 2 3 4 5 6 7 |  7.0
Invocations    | 1 2 4 5 6 |  6.7
Shields        | 1 3 5 6 7 8 |  8.4
Stealth        | 3 |  3.4
Throwing       | 1 |  1.5

Action                   |  1- 3 |  4- 6 |  7- 9 | 10-12 || total
-------------------------+-------+-------+-------+-------++-------
Melee: Whip              |   130 |    12 |       |       ||   142
       Flail             |       |   164 |       |       ||   164
       Falchion          |       |   115 |   654 |   569 ||  1338
       Morningstar       |       |       |       |     2 ||     2
       Long sword        |       |       |       |   132 ||   132
 Fire: Blowgun           |       |       |       |    14 ||    14
Throw: Javelin           |       |       |     6 |    94 ||   100
       Tomahawk          |       |       |     4 |    10 ||    14
Evoke: Wand              |       |       |     3 |     7 ||    10
  Use: Scroll            |       |     5 |     7 |     9 ||    21
       Potion            |       |       |     3 |     2 ||     5
 Stab: Sleeping          |     3 |     2 |       |       ||     5
       Paralysed         |       |       |     8 |     7 ||    15
  Eat: Chunk             |     2 |    16 |    17 |    29 ||    64
       Ration            |       |     2 |     2 |     1 ||     5
Armor: Robe              |    30 |     7 |       |       ||    37
       Scale mail        |       |   149 |   334 |   165 ||   648
       Plate armour      |       |       |       |    33 ||    33
Dodge: Dodged            |    91 |   221 |   217 |   327 ||   856
Block: Medium shield     |       |       |   440 |   772 ||  1212
       Other             |       |       |     1 |       ||     1
       Rpst.: Falchion   |       |    61 |   136 |   107 ||   304
       Morningstar       |       |       |       |     1 ||     1
       Long sword        |       |       |       |    47 ||    47
       Blowgun           |       |       |       |     1 ||     1
